 Dungeon Crawl Stone Soup version 0.31.0-32-g396128a36d (webtiles) character file.

Game seed: 5949328380024649676

376 PaiMei the Grave Robber (level 6, -11/46 HPs)
             Began as a Demonspawn Necromancer on Mar 31, 2024.
             Mangled by an ogre
             ... wielding a +0 giant club
              (34 damage)
             ... on level 5 of the Dungeon.
             The game lasted 00:07:29 (5028 turns).

PaiMei the Grave Robber (Demonspawn Necromancer)    Turns: 5028, Time: 00:07:30

Health: -11/46     AC:  6    Str:  8    XL:     6   Next: 44%
Magic:  7/11       EV: 13    Int: 21    God:
Gold:   163        SH:  0    Dex: 14    Spells: 4/12 levels left

rFire   . . .        c - +0 short sword
rCold   . . .        (no shield)
rNeg    . . .        a - +0 robe
rPois   .            (helmet restricted)
rElec   .            k - +2 cloak
rCorr   .            p - +0 pair of gloves
SInv    .            (no boots)
Will    .....        (no amulet)
Stlth   ++           (no ring)
HPRegen 0.27/turn    (no ring)
MPRegen 0.12/turn

%: no passive effects
@: no status effects
A: antennae 1, big brain 2
a: no special abilities


You were on level 5 of the Dungeon.
You visited 2 branches of the dungeon, and saw 6 of its levels.

You collected 243 gold pieces.
You spent 80 gold pieces at shops.

Inventory:

Hand Weapons
 c - a +0 short sword (weapon)
Missiles
 r - 8 poisoned darts (quivered)
Armour
 a - a +0 robe (worn)
 k - a +2 cloak (worn)
 p - a +0 pair of gloves (worn)
Scrolls
 d - a scroll of teleportation {unknown}
 h - 2 scrolls of immolation {unknown}
 i - 2 scrolls of identify {unknown}
 l - 5 scrolls of vulnerability {unknown}
 n - a scroll of revelation {unknown}
 o - 2 scrolls of enchant weapon {unknown}
 q - a scroll of fog {unknown}
 s - 5 scrolls of noise {unknown}
 u - a scroll of poison {unknown}
 w - a scroll of fear {unknown}
Potions
 b - a potion of magic
 e - 3 potions of curing
 f - 2 potions of attraction {unknown}
 g - a potion of brilliance {unknown}
 j - 2 potions of experience {unknown}
 m - a potion of heal wounds
 t - a potion of ambrosia {unknown}
 v - a potion of mutation {unknown}


   Skills:
 + Level 2.8 Fighting
 + Level 3.4 Dodging
 - Level 2.0 Stealth
 + Level 3.5 Spellcasting
 + Level 5.7 Necromancy


You had 4 spell levels left.
You knew the following spells:

 Your Spells              Type           Power      Damage    Failure   Level
a - Necrotise             Necr           100%       1d9       1%          1
b - Vampiric Draining     Necr           27%        2d7       3%          3
c - Animate Dead          Necr           27%        N/A       12%         4

Your spell library contained the following spells:

 Spells                   Type           Power      Damage    Failure   Level
 Fugue of the Fallen      Necr           27%        N/A       3%          3
 Magic Dart               Conj           12%        1d3       13%         1
 Blink                    Tloc           6%         N/A       19%         2
 Call Imp                 Summ           6%         N/A       19%         2
 Lesser Beckoning         Tloc           6%         N/A       19%         2
 Gell's Gravitas          Tloc           3%         N/A       36%         3
 Hailstorm                Conj/Ice       3%         3d5       36%         3
 Ozocubu's Armour         Ice            3%         N/A       36%         3
 Stone Arrow              Conj/Erth      6%         3d7       36%         3
 Summon Ice Beast         Ice/Summ       3%         N/A       36%         3
 Teleport Other           Tloc           3%         N/A       36%         3
 Animate Armour           Summ/Erth      6%         N/A       77%         4
 Manifold Assault         Tloc           3%         N/A       77%         4
 Curse of Agony           Necr           27%        N/A       32%         5
 Sculpt Simulacrum        Ice/Alch       1%         N/A       100%        6
 Lehudib's Crystal Spear  Conj/Erth      1%         10d2      100%        8


Dungeon Overview and Level Annotations

Branches:
Dungeon (5/15)             Temple (1/1) D:5

Altars:
Ashenzari
Cheibriados
Dithmenos
Gozag
Makhleb
Nemelex Xobeh
Okawaru
Qazlal
Ru
Trog
Uskayaw
Wu Jian
Xom
Yredelemnul

Shops:
D:2 !

Annotations:
D:2 1 runed translucent door, Crazy Yiuf


Innate Abilities, Weirdness & Mutations

You have a pair of small antennae on your head.
You have an extremely huge brain. (Int +4)


Message History

You kill the orc!
The dead are walking!
Casting: Necrotise (safe; 1% risk of failure)
Confirm with . or Enter, or press ? or * to list all spells.
You can't see any susceptible monsters within range! (Use Z to cast anyway.)
Casting: Necrotise (safe; 1% risk of failure)
Confirm with . or Enter, or press ? or * to list all spells.
You can't see any susceptible monsters within range! (Use Z to cast anyway.)
Casting: Necrotise (safe; 1% risk of failure)
Confirm with . or Enter, or press ? or * to list all spells.
You can't see any susceptible monsters within range! (Use Z to cast anyway.)
You swap places.
There is a stone staircase leading up here.
You see here a +0 club.
Your orc skeleton crumbles into dust!
You open the door.
There is an open door here.
Found a stone staircase leading down.
Found a club.
w - a scroll labelled OLIS VOLON You sense a monster nearby.
You open the door.
An ogre comes into view. It is wielding a +0 giant club.
Casting: Necrotise (safe; 1% risk of failure)
Confirm with . or Enter, or press ? or * to list all spells.
Aiming: Necrotise (safe; 1% risk of failure)
Press: ? - help, Shift-Dir - straight line, f - ogre
Aim: an ogre, wielding a +0 giant club (chance to affect: 83%)
The ogre writhes in agony.
The ogre hits you with a +0 giant club!!
Ouch! That really hurt!
Casting: Necrotise (safe; 1% risk of failure)
Confirm with . or Enter, or press ? or * to list all spells.
Aiming: Vampiric Draining (dangerous; 3% risk of failure)
Press: ? - help, Shift-Dir - straight line, f/p - ogre
Aim: an ogre, wielding a +0 giant club (lightly wounded)
You draw life force from the ogre!
You feel life coursing into your body.
The ogre hits you with a +0 giant club!!
Ouch! That really hurt!
You die...

..#.................#..........#
..#.................#..........#
..#+###...##+####...#..........##
#.. #...##.####...#######......
#.. #.....)........# #......
#..............# #......
#..............# #......
#..............# #......
#.....>...@....# #......
##########O##### #...... ...
#####.. ..... #.. ....... #..
......... #.. ........... +..
............. #.. #..


You could see an ogre.

Vanquished Creatures
  A scorpion (D:5)
  A jelly (D:4)
  2 orc priests
  A gnoll bouda (D:4)
  2 iguanas
  3 gnolls (D:4)
  4 adders
  A ribbon worm (D:3)
  2 dart slugs (D:1)
  10 orcs
  6 bats
  9 endoplasms
  2 giant cockroaches (D:3)
  2 goblins
  5 hobgoblins
  5 jackals
  2 quokkas
  6 ball pythons
  10 frilled lizards
  4 kobolds
  5 rats
83 creatures vanquished.

Notes
Turn   | Place    | Note
-------+----------+-------------------------------------------
     0 | D:1      | PaiMei the Demonspawn Necromancer began the quest for the
                  | Orb.
     0 | D:1      | Reached XP level 1. HP: 13/13 MP: 3/3
   162 | D:1      | Gained mutation: You have an unusually large brain. (Int
                  | +2) [demonic ancestry]
   162 | D:1      | Reached XP level 2. HP: 16/19 MP: 0/5
   953 | D:1      | Gained mutation: You have an extremely huge brain. (Int +4)
                  | [demonic ancestry]
   953 | D:1      | Reached XP level 3. HP: 25/25 MP: 4/6
  1634 | D:2      | Found Sihieck's Distillery.
  1639 | D:2      | Bought a potion of curing for 30 gold pieces
  2193 | D:2      | Found a runed translucent door.
  2194 | D:2      | Noticed Crazy Yiuf
  2405 | D:2      | Bought a potion of heal wounds for 50 gold pieces
  2426 | D:3      | Reached skill level 1 in Fighting
  2426 | D:3      | Gained mutation: You have a pair of small antennae on your
                  | head. [demonic ancestry]
  2426 | D:3      | Reached XP level 4. HP: 32/32 MP: 2/7
  2439 | D:3      | Reached skill level 5 in Necromancy
  2867 | D:3      | Found an ornate altar of the Wu Jian Council.
  3388 | D:3      | Learned a level 3 spell: Vampiric Draining
  3393 | D:3      | Learned a level 4 spell: Animate Dead
  3491 | D:4      | Reached XP level 5. HP: 25/38 MP: 2/9
  4448 | D:4      | Reached XP level 6. HP: 46/46 MP: 6/10
  4779 | D:5      | Entered Level 5 of the Dungeon
  4861 | D:5      | Found a staircase to the Ecumenical Temple.
  4873 | Temple   | Entered the Ecumenical Temple
  5028 | D:5      | Mangled by an ogre

Illustrated notes

Levels and vault maps discovered:
D:1:      minmay_arrival_four_loops, layout_loops_ring
D:2:      minmay_door_path, layout_loops_ring, serial_shops,
          nicolae_shop_hallway_stairs, minmay_misc_feat_cross,
          nicolae_concentric_dashed_squares_mild, uniq_crazy_yiuf_cottage
D:3:      minmay_skewed_foursquare, layout_basic, nzn_wu_jian_contemplation
D:4:      layout_basic
D:5:      layout_gridville, minmay_temple_entry_proselytizer
Temple:   kb_temple_of_zot

Skill      XL: |  1  2  3  4  5 |
---------------+----------------+-----
Dodging        | 2 3 |  3.4
Stealth        | 2 |  2.0
Fighting       | 1 2 |  2.8
Necromancy     | 5 |  5.7
Spellcasting   | 3 |  3.5

Action                     |  1- 3 |  4- 6 || total
---------------------------+-------+-------++-------
  Melee: Short sword       |    29 |    25 ||    54
   Cast: Necrotise         |    61 |    92 ||   153
         Vampiric Draining |       |     4 ||     4
 Armour: Robe              |    21 |    29 ||    50
  Dodge: Dodged            |    29 |    33 ||    62
